 Dungeon Crawl Stone Soup version 0.30-a0-857-gcaf70739d4 (webtiles) character file.

Game seed: 3148089260927187972

4831 FexLirch the Tainter (level 10, -5/63 HPs)
             Began as a Barachi Venom Mage on Mar 5, 2023.
             Was a High Priest of Fedhas.
             Killed from afar by Joseph (20 damage)
             ... with a bolt of light
             ... on level 8 of the Dungeon on Mar 6, 2023.
             The game lasted 00:26:04 (8787 turns).

FexLirch the Tainter (Barachi Venom Mage)           Turns: 8787, Time: 00:26:04

Health: -5/63      AC:  7    Str:  9    XL:     10   Next: 49%
Magic:  12/22      EV: 12    Int: 21    God:    Fedhas [*****.]
Gold:   250        SH:  0    Dex: 12    Spells: 15/25 levels left

rFire   . . .      SeeInvis +    y - +2 short sword (distort)
rCold   . . .      Faith    .    (no shield)
rNeg    + . .      Spirit   .    H - +0 steam dragon scales
rPois   .          Reflect  .    (no helmet)
rElec   .          Rampage  .    (no cloak)
rCorr   .                        u - +0 pair of gloves
Will    .....                    h - +0 pair of boots
Stlth   +                        w - amulet of the acrobat
HPRegen 0.30/turn                q - ring of positive energy
MPRegen 0.18/turn                I - ring of see invisible

@: confused, slow
A: amphibious, slowness 1, strong legs 1, +LOS
a: Hop, Renounce Religion, Wall of Briars, Grow Ballistomycete, Overgrow, Grow
Oklob


You were on level 8 of the Dungeon.
You worshipped Fedhas.
Fedhas was extremely pleased with you.
You visited 1 branch of the dungeon, and saw 9 of its levels.
You also visited: Ossuary.

You collected 380 gold pieces.
You spent 130 gold pieces at shops.

Inventory:

Hand Weapons
 l - a +0 rapier
 m - a +0 dagger of venom
 y - a +2 short sword of distortion (weapon)
Missiles
 e - 36 stones
 j - 8 boomerangs
 A - a silver boomerang
 K - a curare-tipped dart
Armour
 f - a +0 leather armour
 h - a +0 pair of boots (worn)
 u - a +0 pair of gloves (worn)
 D - a +0 ring mail of fire resistance
 H - +0 steam dragon scales (worn)
 Q - a +4 scale mail
Jewellery
 q - a ring of positive energy (left hand)
 r - a ring of fire
 w - an amulet of the acrobat (around neck)
 x - a ring of ice
 B - an amulet of regeneration
 F - a ring of flight
 I - a ring of see invisible (right hand)
 L - a +6 ring of dexterity
Wands
 R - a wand of paralysis (10)
Scrolls
 a - 9 scrolls of identify {unknown}
 g - 2 scrolls of magic mapping {unknown}
 i - 2 scrolls of brand weapon {unknown}
 k - 2 scrolls of amnesia {unknown}
 s - 4 scrolls of teleportation {unknown}
 v - 2 scrolls of fear {unknown}
 G - 2 scrolls of vulnerability {unknown}
 J - 3 scrolls of fog {unknown}
 N - a scroll of poison {unknown}
 S - a scroll of torment {unknown}
Potions
 b - a potion of resistance
 c - 2 potions of lignification {unknown}
 d - 3 potions of haste {unknown}
 n - a potion of invisibility {unknown}
 o - 3 potions of heal wounds {unknown}
 p - 3 potions of curing
 t - 3 potions of attraction {unknown}
 z - a potion of flight {unknown}
 C - 5 potions of ambrosia {unknown}
 E - a potion of berserk rage {unknown}
 M - a potion of mutation {unknown}
 O - 2 potions of magic
 P - a potion of cancellation {unknown}


   Skills:
 - Level 2.1 Dodging
 - Level 1.7 Stealth
 + Level 8.1 Spellcasting
 - Level 4.8 Conjurations
 - Level 1.1 Transmutations
 + Level 8.4 Air Magic
 + Level 9.1 Poison Magic
 + Level 4.5 Invocations


You had 15 spell levels left.
You knew the following spells:

 Your Spells              Type           Power      Damage    Failure   Level
a - Sting                 Tmut/Pois      100%       1d8       1%          1
b - Poisonous Vapours     Pois/Air       90%        N/A       1%          2
c - Mephitic Cloud        Conj/Pois/Air  40%        N/A       1%          3
d - Olgreb's Toxic Radia  Pois           47%        N/A       1%          4

Your spell library contained the following spells:

 Spells                   Type           Power      Damage    Failure   Level
 Cigotuvi's Dreadful Rot  Necr/Pois/Air  66%        N/A       1%          2
 Hailstorm                Conj/Ice       18%        3d6       9%          3
 Ozocubu's Armour         Ice            8%         N/A       24%         3
 Ice Form                 Ice/Tmut       10%        N/A       52%         4
 Manifold Assault         Tloc           8%         N/A       61%         4
 Metabolic Englaciation   Hex/Ice        4%         N/A       91%         5
 Dispersal                Tloc           4%         N/A       100%        6
 Simulacrum               Ice/Necr       4%         N/A       100%        6
 Disjunction              Tloc           4%         N/A       100%        8


Dungeon Overview and Level Annotations

Branches:
Dungeon (9/15)             Temple (0/1) D:4             Orc (0/2) D:9
Ossuary (visited)
   Lair: D:8-11

Altars:
Ashenzari
Elyvilon
Fedhas
Gozag
Hepliaklqana
Kikubaaqudgha
Nemelex Xobeh
Trog
Xom

Shops:
D:3 *

Annotations:
D:5 2 transporters, jimonade's ghost, novice DjWr
D:8 Joseph


Innate Abilities, Weirdness & Mutations

You are amphibious.
You cover ground slowly.
You can hop short distances.
You have an extended range of vision and can be seen from far away.


Message History

Aiming: Sting (safe; 1% risk of failure)
Press: ? - help, Shift-Dir - straight line, f - ice beast, p - Joseph
Aim: an ice beast (78% to hit)
The sting misses the ice beast.
Casting: Sting (safe; 1% risk of failure)
Confirm with . or Enter, or press ? or * to list all spells.
Aiming: Sting (safe; 1% risk of failure)
Press: ? - help, Shift-Dir - straight line, f/p - ice beast
Aim: an ice beast (78% to hit)
The sting misses the ice beast.
You hit the ice beast.
Space warps around the ice beast.
Your punch misses the ice beast.
The ice beast is moderately wounded.
The ice beast closely misses you.
You closely miss the ice beast.
The ice beast is moderately wounded.
The ice beast barely misses you. The ice beast attacks as you move away!
The ice beast hits you. The ice beast freezes you!
You hit the ice beast.
Space warps around the ice beast!
The ice beast is severely wounded.
The ice beast barely misses you.
You closely miss the ice beast.
The ice beast is severely wounded.
The ice beast hits you. The ice beast freezes you!
You hit the ice beast.
Space warps horribly around the ice beast!!
You kill the ice beast!
Fedhas accepts your kill.
Joseph shoots a sling bullet.
The sling bullet hits you!
Joseph zaps a wand.
The bolt of light hits you!
You are confused.
* * * LOW HITPOINT WARNING * * *
There is an open door here.
You barely miss Joseph.
Joseph is heavily wounded.
Joseph zaps a wand.
The bolt of light hits you!!
You are more confused.
You die...
Fedhas appreciates your contribution to the ecosystem.

>.'.'...'.....'.................>
..#.#...#######...........#.#..#.
..#.#...# ##'#........# #....
+##.##### ##)#'###+#### #.##. #+#
#.)......#### #.#.. +).[).......#
#.... ###.......###.#.####.
#<......### ...#. ####@##.#
####.#. #####.@.#)# #.##.....
#.......#.# .. #.#...
#.##....#.##.# ##.###.
#....#....# #...... .....#....#
#####.. ...........## ###..
.........### #.... .........†.#
#.#..


You could see Joseph (very poisoned).

Vanquished Creatures
  Erica (D:8)
  A two-headed ogre (D:8)
  A moth of wrath (D:7)
  A troll (D:6)
  4 steam dragons
  A warg (D:9)
  A water moccasin (D:7)
  3 orc warriors
  An ice beast (D:8)
  A sky beast (D:6)
  A centaur (D:5)
  A phantom (D:5)
  A kobold brigand (D:7)
  A bullfrog (D:8)
  7 water moccasin zombies (Ossuary)
  4 killer bees (D:8)
  A howler monkey (D:5)
  5 orc priests
  A gnoll bouda (D:6)
  3 hounds
  2 iguanas
  Natasha (twice) (D:2)
  5 orc wizards
  2 mummies (Ossuary)
  5 gnolls
  9 adders
  A shadow imp (D:8)
  A white imp (D:6)
  2 ufetubi
  4 adder zombies (Ossuary)
  2 worms
  3 dart slugs
  35 orcs
  5 ball pythons
  7 endoplasms
  3 giant cockroaches
  3 gnoll zombies (Ossuary)
  7 goblins
  3 hobgoblins
  7 jackals
  2 quokkas
  7 bats
  6 frilled lizards
  3 hobgoblin zombies (Ossuary)
  4 kobolds
  A kobold zombie (Ossuary)
  6 orc zombies (Ossuary)
  11 rats
  A rat zombie (D:5)
189 creatures vanquished.

Vanquished Creatures (others)
  A sleepcap (D:6)
  An adder (D:6)
  A white imp (D:6)
3 creatures vanquished.

Grand Total: 192 creatures vanquished

Notes
Turn   | Place    | Note
-------+----------+-------------------------------------------
     0 | D:1      | FexLirch the Barachi Venom Mage began the quest for the
                  | Orb.
     0 | D:1      | Reached XP level 1. HP: 13/13 MP: 3/3
   205 | D:1      | Reached XP level 2. HP: 7/19 MP: 0/5
   282 | D:1      | Reached skill level 1 in Air Magic
   377 | D:1      | Found a faded altar of an unknown god.
   383 | D:1      | Prayed at the altar of an unknown god.
   383 | D:1      | Became a worshipper of Fedhas Madash
   383 | D:1      | Reached * piety under Fedhas
   624 | D:1      | Reached XP level 3. HP: 10/24 MP: 0/7
  1584 | D:2      | Reached skill level 4 in Poison Magic
  1587 | D:2      | Reached ** piety under Fedhas
  1751 | D:2      | Noticed Natasha
  1760 | D:2      | Killed Natasha
  1761 | D:2      | Reached XP level 4. HP: 9/30 MP: 5/8
  1867 | D:2      | Learned a level 2 spell: Poisonous Vapours
  1871 | D:2      | Learned a level 3 spell: Mephitic Cloud
  1955 | D:2      | Noticed Natasha
  1967 | D:2      | Killed Natasha
  2091 | D:3      | Reached XP level 5. HP: 32/35 MP: 3/10
  2291 | D:3      | Learned a level 4 spell: Olgreb's Toxic Radiance
  2589 | D:3      | Found Fibomahuy's Assorted Antiques.
  2595 | D:3      | Bought a runed platinum amulet for 130 gold pieces
  3220 | D:4      | Found a staircase to the Ecumenical Temple.
  3388 | D:4      | Found a white marble altar of Elyvilon.
  4171 | D:5      | Entered Level 5 of the Dungeon
  4177 | D:5      | Reached skill level 1 in Conjurations
  4177 | D:5      | Reached XP level 6. HP: 41/41 MP: 5/11
  4197 | D:5      | Found a hazy altar of Hepliaklqana.
  4199 | D:5      | Reached skill level 5 in Poison Magic
  4231 | D:5      | Reached *** piety under Fedhas
  4611 | D:5      | Reached XP level 7. HP: 39/46 MP: 10/13
  4706 | D:5      | Found a broken altar of Ashenzari.
  4755 | D:5      | Found a transporter.
  4826 | D:5      | Found an ancient bone altar of Kikubaaqudgha.
  4870 | D:5      | Found a transporter.
  4875 | D:5      | Noticed jimonade's ghost (novice DjWr)
  5103 | D:6      | Noticed a steam dragon
  5111 | D:6      | Noticed a steam dragon
  5119 | D:6      | Killed a steam dragon
  5256 | D:6      | Noticed a steam dragon
  5261 | D:6      | Killed a steam dragon
  5262 | D:6      | Reached skill level 5 in Spellcasting
  5262 | D:6      | Reached skill level 6 in Poison Magic
  5262 | D:6      | Reached XP level 8. HP: 52/52 MP: 9/15
  5423 | D:6      | Reached skill level 5 in Air Magic
  5498 | D:6      | Noticed a troll
  5508 | D:6      | Killed a troll
  5951 | D:6      | Found an opulent altar of Gozag.
  6328 | D:6      | Reached skill level 7 in Poison Magic
  6477 | D:7      | Reached XP level 9. HP: 54/57 MP: 11/18
  6592 | D:7      | Reached skill level 1 in Invocations
  6709 | D:7      | Found a shimmering altar of Xom.
  6709 | D:7      | Found a shimmering altar of Xom.
  6709 | D:7      | Found a shimmering altar of Xom.
  6709 | D:7      | Found a shimmering altar of Xom.
  6709 | D:7      | Found a shimmering altar of Xom.
  6757 | D:7      | Reached **** piety under Fedhas
  6885 | D:7      | Found a sparkling altar of Nemelex Xobeh.
  7218 | D:7      | Noticed a moth of wrath
  7222 | D:7      | Found a bloodstained altar of Trog.
  7240 | D:7      | Killed a moth of wrath
  7462 | D:8      | Found a sand-covered staircase.
  7466 | D:8      | Noticed Erica
  7469 | Ossuary  | Entered an ossuary
  7593 | Ossuary  | Reached skill level 8 in Poison Magic
  7937 | D:8      | Killed Erica
  7938 | D:8      | Reached XP level 10. HP: 44/63 MP: 11/21
  8023 | D:8      | Noticed a two-headed ogre
  8050 | D:8      | Killed a two-headed ogre
  8050 | D:8      | Reached ***** piety under Fedhas
  8336 | D:9      | Found a staircase to the Orcish Mines.
  8353 | D:9      | Reached skill level 9 in Poison Magic
  8737 | D:8      | Noticed Joseph
  8787 | D:8      | Killed from afar by Joseph

Illustrated notes

Levels and vault maps discovered:
D:1:      co_arrival_square_in_a_square_in_a_square, layout_loops_ring,
          dreamdust_ecumenical_altar_angels_and_demons
D:2:      minmay_general_purpose_star, layout_rooms, uniq_natasha
D:3:      layout_basic, serial_shops, shop
D:4:      layout_basic, elyvilon_altar_1, minmay_temple_entry_slanted
D:5:      layout_rooms, mainiacjoe_overflow_catch_the_wave,
          lemuel_zombie_altar_kikubaaqudgha, gammafunk_ghost_mausoleum,
          minmay_misc_feat_cross
D:6:      cheibrodos_steamvent, layout_loops_corners,
          mainiacjoe_overflow_tiny_flanked
D:7:      layout_loops_ring, tgw_trog, mainiacjoe_overflow_surrounded_room,
          xom_shifter_show
D:8:      layout_basic, lightli_temple_of_fire, enter_ossuary_1, uniq_joseph,
          uniq_erica
D:9:      layout_loops_corners, chei_slow_surprise, kennysheep_mini_moat,
          david_orc_3, uniq_erolcha

Skill      XL: |  1  2  3  4  5  6  7  8  9 10 |
---------------+-------------------------------+-----
Air Magic      | 1 2 3 4 6 7 8 |  8.4
Spellcasting   | 3 4 5 6 7 8 |  8.1
Poison Magic   | 4 5 6 7 8 9 |  9.1
Conjurations   | 1 2 3 4 |  4.8
Invocations    | 3 4 |  4.5
Dodging        | |  2.1
Stealth        | |  1.7
Transmutations | |  1.1

Action                     |  1- 3 |  4- 6 |  7- 9 | 10-12 || total
---------------------------+-------+-------+-------+-------++-------
  Melee: Unarmed           |    66 |       |       |       ||    66
         Dagger            |    49 |    51 |       |       ||   100
         Punch             |     2 |     1 |     2 |       ||     5
         Short sword       |       |     4 |   202 |    36 ||   242
   Cast: Sting             |    60 |    94 |    71 |    12 ||   237
         Poisonous Vapours |       |    13 |     5 |     4 ||    22
         Mephitic Cloud    |       |       |    13 |     4 ||    17
         Olgreb's Toxic Ra |       |       |    12 |     8 ||    20
Ability: Hop               |     1 |     3 |       |       ||     4
  Evoke: Wand              |       |       |       |     4 ||     4
    Use: Potion            |     2 |       |     1 |       ||     3
   Stab: Confused          |       |       |     2 |       ||     2
         Sleeping          |       |       |     2 |       ||     2
         Paralysed         |       |       |       |     2 ||     2
 Armour: Leather armour    |    53 |    34 |    12 |       ||    99
         Ring mail         |       |       |     7 |       ||     7
         Steam dragon scal |       |       |    45 |     8 ||    53
  Dodge: Dodged            |    99 |    61 |   137 |    22 ||   319

Table legend: (Time is in decaauts)
 A = Elapsed time spent in this place.
 B = Non-inter-level travel time spent in this place.
 C = Inter-level travel time spent in this place.
 D = Time resting spent in this place.
 E = Time spent auto-exploring this place.
 F = Levels seen in this place.
 G = Mean time per level.
                   A        B        C        D        E       F      G
               +--------+--------+--------+--------+--------+-----+--------+
         Total |   9761 |   9525 |    236 |    544 |   7014 |  10 |  976.1 |
       Dungeon |   9296 |   9060 |    236 |    337 |   7014 |   9 | 1032.9 |
       Ossuary |    464 |    464 |      0 |    207 |      0 |   1 |  464.0 |
               +--------+--------+--------+--------+--------+-----+--------+

Top non-repeatable levels by time:
     D:6: 1668 daAuts
     D:1: 1326 daAuts
     D:4: 1214 daAuts
     D:3: 1189 daAuts
     D:7: 1059 daAuts
     D:2: 946 daAuts
     D:5: 884 daAuts
     D:8: 585 daAuts
 Ossuary: 464 daAuts
     D:9: 420 daAuts
